 Dungeon Crawl Stone Soup version 0.32-a0-540-g866d13106e (webtiles) character file.

Game seed: 12767785234498697014

113 dialectric the Insei (level 4, -6/29 HPs)
             Began as an Octopode Shapeshifter on Feb 29, 2024.
             Was an Initiate of Gozag.
             Mangled by a sleepcap (7 damage)
             ... on level 3 of the Dungeon.
             The game lasted 00:02:27 (2516 turns).

dialectric the Insei (Octopode Shapeshifter)        Turns: 2516, Time: 00:02:27

Health: -6/29      AC:  1    Str: 13    XL:     4   Next: 96%
Magic:  4/4        EV: 13    Int: 12    God:    Gozag
Gold:   180        SH:  0    Dex: 13    Spells: 3/3 levels left

rFire   . . .        j - +3 dagger
rCold   . . .        (no shield)
rNeg    . . .        (helmet currently unavailable)
rPois   .            (no amulet)
rElec   .            (no ring)
rCorr   .            (no ring)
SInv    .            (no ring)
Will    .....        (no ring)
Stlth   +++          (no ring)
HPRegen 0.24/turn    (no ring)
MPRegen 0.09/turn    (no ring)
                     (no ring)

%: no passive effects
@: beast-form
A: beast (slay +2), almost no armour, amphibious, 8 rings, camouflage 1,
gelatinous body 1, (nimble swimmer 1), tentacles
a: Begin Untransformation, Renounce Religion, Potion Petition, Call Merchant,
Bribe Branch


You were on level 3 of the Dungeon.
You worshipped Gozag.
Gozag was aware of your devotion.
You were a hulking beast.
You visited 1 branch of the dungeon, and saw 4 of its levels.

You collected 226 gold pieces.
You paid 46 gold pieces to Gozag.

Inventory:

Hand Weapons
 j - a +3 dagger (weapon)
Jewellery
 u - a ring of ice
 w - a +6 ring of dexterity
Talismans
 b - a beast talisman (active)
 c - a flux talisman
Scrolls
 d - a scroll of enchant armour {unknown}
 f - 2 scrolls of blinking {unknown}
 h - a scroll of enchant weapon {unknown}
 i - 2 scrolls of fear {unknown}
 k - a scroll of immolation
 l - 5 scrolls of identify {unknown}
 n - 2 scrolls of teleportation {unknown}
 o - 2 scrolls of noise {unknown}
 v - a scroll of brand weapon {unknown}
Potions
 a - a potion of lignification
 e - 2 potions of brilliance {unknown}
 g - a potion of enlightenment {unknown}
 m - a potion of attraction {unknown}
 p - 2 potions of heal wounds {unknown}
 q - a potion of magic {unknown}
 r - a potion of curing {unknown}
 s - 2 potions of cancellation {unknown}
 t - 2 potions of invisibility {unknown}


   Skills:
 + Level 2.2 Fighting
 + Level 2.9 Dodging
 + Level 1.3 Stealth
 + Level 3.7 Unarmed Combat
 + Level 3.5 Shapeshifting


You had 3 spell levels left.
You didn't know any spells.
Your spell library contained the following spells:

 Spells                   Type           Power      Damage    Failure   Level
 Ensorcelled Hibernation  Hex/Ice        0%         N/A       45%         2
 Scorch                   Fire           0%         2d5       45%         2
 Fugue of the Fallen      Necr           0%         N/A       69%         3
 Hailstorm                Conj/Ice       0%         3d5       69%         3
 Summon Ice Beast         Ice/Summ       0%         N/A       69%         3
 Anguish                  Hex/Necr       0%         N/A       97%         4
 Flame Wave               Conj/Fire      0%         2d4       97%         4
 Sculpt Simulacrum        Ice/Alch       0%         N/A       100%        6
 Summon Cactus Giant      Summ           0%         N/A       100%        6


Dungeon Overview and Level Annotations

Branches:
Dungeon (4/15)
 Temple: D:4-7

Altars:
Gozag
Trog


Innate Abilities, Weirdness & Mutations

You are a hulking beast.
Your limbs bulge with bestial killing power. (Slay +2)
You cannot wear most types of armour.
You are amphibious.
You can wear up to eight rings at the same time.
Your skin changes colour to match your surroundings (Stealth+).
Your rubbery body absorbs attacks. (AC +1, EV +1)
((You are camouflaged when in or above water. (Stealth+)))
You have tentacles for arms and can constrict up to eight enemies at once.


Message History

You climb upwards.
There is a stone staircase leading down here.
Unknown command.
Unknown command.
Unknown command.
You are too injured to fight recklessly!
You closely miss the goblin. Your grab misses the goblin.
You squeeze the goblin.
You kill the goblin!
The sleepcap releases spores at you.
Unknown command.
You are too injured to fight recklessly!
You are too injured to fight recklessly!
Unknown command.
You hit the sleepcap. You grab the sleepcap.
The sleepcap is moderately damaged.
You constrict the sleepcap. The sleepcap releases spores at you.
* * * LOW HITPOINT WARNING * * *
You are engulfed in a cloud of soporific spores!
You fall asleep.
You lose your grip on the sleepcap.
The sleepcap releases spores at you.
You wake up.
* * * LOW HITPOINT WARNING * * *
You are engulfed in a cloud of soporific spores!
You are unaffected.
You puncture the sleepcap! You grab the sleepcap.
The sleepcap is severely damaged.
You constrict the sleepcap. The sleepcap completely misses you.
Unknown command.
You hit the sleepcap but do no damage.
The sleepcap is severely damaged.
You constrict the sleepcap. The sleepcap releases spores at you.
* * * LOW HITPOINT WARNING * * *
You are engulfed in a cloud of soporific spores!
You are unaffected.
You hit the sleepcap but do no damage.
The sleepcap is severely damaged.
You constrict the sleepcap. The sleepcap releases spores at you!
You die...
Your body crumbles into a pile of gold.

####....#####...#.........##.
#.............##........####.
#####.########.#####.....######..
#........# #.####.<..### ###...
#........# #.........# #....#
#........# ###.......# #.##.#
#........#### #.##.#### #.##.#
########....# #f##..## #.##.#
####.####h###..# #.#... #....#$#
##.# #....# #############...# #.#
####....# #.......# #..##
#.###.....#.# #.......#
#..#####...#.#..##.. #.......#
##....####......##..
#.......######.##.#####..#......
##...........................#.##
.........##.......###.......##.#


You could see a sleepcap.

Vanquished Creatures
  4 adders
  A dart slug (D:1)
  2 ribbon worms
  3 endoplasms
  4 giant cockroaches
  9 hobgoblins
  5 jackals
  4 quokkas
  9 ball pythons
  6 bats
  3 frilled lizards
  12 goblins
  4 kobolds
  2 rats
68 creatures vanquished.

Vanquished Creatures (others)
  An arcanist (D:3)
1 creature vanquished.

Grand Total: 69 creatures vanquished

Notes
Turn   | Place    | Note
-------+----------+-------------------------------------------
     0 | D:1      | dialectric the Octopode Shapeshifter began the quest for
                  | the Orb.
     0 | D:1      | Reached XP level 1. HP: 13/13 MP: 1/1
    47 | D:1      | Reached XP level 2. HP: 15/18 MP: 2/2
   296 | D:1      | Found a faded altar of an unknown god.
   301 | D:1      | Reached XP level 3. HP: 21/23 MP: 3/3
  1462 | D:2      | Reached XP level 4. HP: 29/29 MP: 4/4
  1869 | D:3      | Found an opulent altar of Gozag.
  1956 | D:3      | Reached skill level 1 in Stealth
  2012 | D:3      | Found a bloodstained altar of Trog.
  2025 | D:3      | Became a worshipper of Gozag Ym Sagoz the Greedy
  2351 | D:3      | Noticed a wizard
  2354 | D:3      | Killed a wizard
  2515 | D:3      | HP: 1/29 [sleepcap (4)]
  2516 | D:3      | Mangled by a sleepcap

Illustrated notes

Levels and vault maps discovered:
D:1:      dpeg_arrival_brainrot, layout_basic, hellmonk_ecumenical_altar_blasted
D:2:      layout_basic
D:3:      layout_rooms, trog_wizard, nicolae_gozag_seed_capital,
          minmay_goblin_outpost
D:4:      layout_basic, gup_sewer_entry_bubbles, dreamdust_gnoll_farm

Skill      XL: |  1  2  3  4 |
---------------+-------------+-----
Fighting       | 2 |  2.2
Stealth        | 1 |  1.3
Dodging        | |  2.9
Unarmed Combat | |  3.7
Shapeshifting  | |  3.5

Action                     |  1- 3 |  4- 6 || total
---------------------------+-------+-------++-------
  Melee: Unarmed           |    39 |       ||    39
         Constrict         |    20 |    10 ||    30
         Tentacles         |    14 |     6 ||    20
         Punch             |     1 |       ||     1
         Dagger            |    24 |    47 ||    71
   Stab: Sleeping          |     7 |     5 ||    12
 Armour: Skin              |    30 |    27 ||    57
  Dodge: Dodged            |    47 |    28 ||    75

Table legend: (Time is in decaauts)
 A = Elapsed time spent in this place.
 B = Non-inter-level travel time spent in this place.
 C = Inter-level travel time spent in this place.
 D = Time resting spent in this place.
 E = Time spent auto-exploring this place.
 F = Levels seen in this place.
 G = Mean time per level.
                   A        B        C        D        E       F      G
               +--------+--------+--------+--------+--------+-----+--------+
         Total |   2513 |   2426 |     87 |     80 |   1880 |   4 |  628.2 |
       Dungeon |   2513 |   2426 |     87 |     80 |   1880 |   4 |  628.2 |
               +--------+--------+--------+--------+--------+-----+--------+

Top non-repeatable levels by time:
     D:1: 1122 daAuts
     D:2: 743 daAuts
     D:3: 630 daAuts
     D:4: 16 daAuts
